 Dungeon Crawl Stone Soup version 0.32-a0-705-g60f233581c (webtiles) character file.

Game seed: 6827774017288852113

10530 cforsyth the Arsonist (level 11, -2/97 HPs)
             Began as a Mountain Dwarf Cinder Acolyte on Mar 14, 2024.
             Was a High Priest of Ignis.
             Slain by a gargoyle
             ... wielding a +0 morningstar of protection
              (13 damage)
             ... on level 11 of the Dungeon on Mar 15, 2024.
             The game lasted 00:22:48 (14651 turns).

cforsyth the Arsonist (MDCA)                       Turns: 14651, Time: 00:22:49

Health: -2/97      AC: 15    Str: 23    XL:     11   Next: 37%
Magic:  20/20      EV:  7    Int: 19    God:    Ignis [*****.]
Gold:   568        SH:  0    Dex:  5    Spells: 21/23 levels left

rFire   + . .        z - +0 battleaxe
rCold   . . .        (shield currently unavailable)
rNeg    . . .        t - +0 chain mail
rPois   .            u - +0 helmet
rElec   .            o - scarf {shadows}
rCorr   .            p - +0 pair of gloves
SInv    .            b - +0 pair of boots
Will    +....        m - amulet of regeneration Stlth
                     S - +6 ring of strength
HPRegen 1.16/turn    (no ring)
MPRegen 0.17/turn

%: no passive effects
@: no status effects
A: runic magic, artefact enchanting
a: Renounce Religion, Fiery Armour, Foxfire Swarm, Rising Flame


You were on level 11 of the Dungeon.
You worshipped Ignis.
Ignis was extremely pleased with you.
You visited 1 branch of the dungeon, and saw 11 of its levels.

You collected 568 gold pieces.


Innate Abilities, Weirdness & Mutations

Your spellcasting is much less encumbered by armour.
You can use scrolls of enchantment on lesser artefacts.


   Skills:
 + Level 9.6 Fighting
 + Level 10.5 Axes
 + Level 8.9 Armour
 - Level 6.5 Spellcasting
 + Level 10.5 Fire Magic


You had 21 spell levels left.
You knew the following spells:

 Your Spells              Type           Power      Damage    Failure   Level
X - Scorch                Fire           92%        2d8       1%          2

Your spell library contained the following spells:

 Spells                   Type           Power      Damage    Failure   Level
 Inner Flame              Hex/Fire       26%        N/A       5%          3
 Apportation              Tloc           12%        N/A       16%         1
 Necrotise                Necr           24%        1d5       16%         1
 Sandblast                Erth           12%        2d6       16%         1
 Sting                    Conj/Alch      24%        1d4       16%         1
 Summon Small Mammal      Summ           24%        N/A       16%         1
 Flame Wave               Conj/Fire      26%        2d8       19%         4
 Fugue of the Fallen      Necr           6%         N/A       43%         3
 Ozocubu's Armour         Ice            6%         N/A       43%         3
 Stone Arrow              Conj/Erth      12%        3d7       43%         3
 Brom's Barrelling Bould  Conj/Erth      6%         2d3       83%         4
 Manifold Assault         Tloc           6%         N/A       83%         4
 Irradiate                Conj/Alch      3%         3d12      99%         5
 Summon Cactus Giant      Summ           3%         N/A       100%        6
 Ignition                 Fire           23%        3d8       100%        8

Inventory:

Hand Weapons
 a - a -1 hand axe of flaming
 z - a +0 battleaxe (weapon)
Armour
 b - a +0 pair of boots (worn)
 o - a scarf of shadows (worn)
 p - a +0 pair of gloves (worn)
 t - a +0 chain mail (worn)
 u - a +0 helmet (worn)
Jewellery
 m - an amulet of regeneration (around neck)
 C - a ring of ice
 S - a +6 ring of strength (left hand)
Wands
 r - a wand of digging (22)
 v - a wand of roots (3)
 w - a wand of flame (30)
 x - a wand of polymorph (16)
 A - a wand of charming (10)
Scrolls
 e - 2 scrolls of amnesia
 f - a scroll of immolation
 i - 5 scrolls of teleportation {@r2}
 k - 5 scrolls of vulnerability
 l - a scroll of noise
 n - 2 scrolls of enchant armour
 s - a scroll of blinking
 y - 2 scrolls of revelation {unknown}
 E - a scroll of fog {unknown}
Potions
 c - 2 potions of heal wounds {@q2}
 d - 2 potions of attraction
 g - a potion of brilliance {unknown}
 j - 6 potions of curing {@q1}
 q - 2 potions of enlightenment
 B - 3 potions of mutation {unknown}
 D - a potion of might {unknown}

Dungeon Overview and Level Annotations

Branches:
Dungeon (11/15)            Temple (0/1) D:5
   Lair: D:8-11         Orc: D:9-12

Altars:
Ashenzari
Cheibriados
Dithmenos
Fedhas
Gozag
Makhleb
Nemelex Xobeh
Okawaru
Sif Muna
Trog
Uskayaw
Xom
The Shining One

Shops:
D:9 (

Annotations:
D:4 Eustachio
D:8 1 runed translucent door, Jeremiah; jasper's ghost, novice MDBe

###+#######
#....#....#
#....#....#
#....#....#
#...<#....#
#..@.#....#
###9###+#####+##
#........#....9.
#......9.'......
#........#......
#....#####......
#....#...#######▒
#....'..........▒
#....#...........


You could see a gargoyle.


Message History

You barely miss the gargoyle.
The gargoyle is moderately damaged.
The gargoyle hits you but does no damage.
You slash the gargoyle!
The gargoyle is severely damaged.
The gargoyle hits you with a +0 morningstar of protection!!
* * * LOW HITPOINT WARNING * * *
You slash the gargoyle!
The gargoyle is almost destroyed.
The gargoyle closely misses you.
You hit the gargoyle but do no damage.
The gargoyle is almost destroyed.
The gargoyle hits you with a +0 morningstar of protection!
* * * LOW HITPOINT WARNING * * *
You barely miss the gargoyle.
The gargoyle is almost destroyed.
The gargoyle hurls a stone arrow at you.
The stone arrow misses you.
You hit the gargoyle but do no damage.
The gargoyle is almost destroyed.
The gargoyle hurls a stone arrow at you.
The stone arrow hits you!
* * * LOW HITPOINT WARNING * * *
The gargoyle hits you with a +0 morningstar of protection!
* * * LOW HITPOINT WARNING * * *
You hit the gargoyle but do no damage.
The gargoyle is almost destroyed.
The gargoyle hits you with a +0 morningstar of protection!
You die...
Ignis goes out, and joins you in death.

Skill      XL: |  1  2  3  4  5  6  7  8  9 10 11 |
---------------+----------------------------------+-----
Armour         | 1 2 3 4 5 6 8 |  8.9
Axes           | 4 5 6 7 8 9 10 | 10.5
Fire Magic     | 4 5 6 7 8 10 | 10.5
Fighting       | 4 5 6 7 9 |  9.6
Spellcasting   | 2 3 4 5 6 |  6.5

Action                     |  1- 3 |  4- 6 |  7- 9 | 10-12 || total
---------------------------+-------+-------+-------+-------++-------
  Melee: Hand axe          |    76 |    53 |    58 |    74 ||   261
         Battleaxe         |       |       |       |    11 ||    11
   Cast: Scorch            |    23 |    29 |   199 |   150 ||   401
  Evoke: Wand              |       |       |     2 |     6 ||     8
    Use: Potion            |       |       |     1 |     1 ||     2
         Scroll            |       |       |     7 |     6 ||    13
 Armour: Robe              |    63 |       |       |       ||    63
         Ring mail         |    17 |    46 |    37 |       ||   100
         Chain mail        |       |       |   106 |   265 ||   371
  Dodge: Dodged            |    46 |    42 |    52 |    84 ||   224

Levels and vault maps discovered:
D:1:      matt_arrival_refuge, layout_basic,
          dreamdust_ecumenical_altar_angels_and_demons, minivault_26
D:2:      layout_basic, basic_altar
D:3:      layout_rooms, old_standard_altar, uniq_jessica
D:4:      layout_gridville, uniq_pikel, uniq_eustachio, uniq_grinder
D:5:      layout_basic, temple_hall, uniq_sigmund, uniq_edmund
D:6:      layout_basic, kennysheep_mini, mainiacjoe_overflow_24_doors,
          amcnicky_altar_gilded, nicolae_overflow_squiral, st_stairs_8
D:7:      layout_gridville, kennysheep_generic_room_4
D:8:      layout_loops_cross, mainiacjoe_overflow_alcove_4, minitemple,
          hellmonk_ghost_happy_afterlife, uniq_psyche, uniq_amaemon,
          uniq_jeremiah
D:9:      layout_grid_maze, serial_shops, nicolae_shop_tiny_real_fake_doors
D:10:     layout_basic, minmay_bent
D:11:     gammafunk_mikee_crab_dinner, layout_grid_maze, lair_entry_dummy,
          orc_0_dummy, uniq_erica, uniq_josephine

Notes
Turn   | Place    | Note
-------+----------+-------------------------------------------
     0 | D:1      | cforsyth the Mountain Dwarf Cinder Acolyte began the quest
                  | for the Orb.
     0 | D:1      | Reached XP level 1. HP: 19/19 MP: 2/2
   163 | D:1      | Reached XP level 2. HP: 26/26 MP: 3/3
   356 | D:1      | Learned a level 2 spell: Scorch
   545 | D:1      | Reached skill level 1 in Armour
   604 | D:1      | Found a faded altar of an unknown god.
  1040 | D:2      | Reached skill level 4 in Axes
  1040 | D:2      | Reached skill level 4 in Fire Magic
  1040 | D:2      | Reached XP level 3. HP: 31/31 MP: 0/5
  1467 | D:2      | Found a blossoming altar of Fedhas.
  1789 | D:2      | Reached XP level 4. HP: 40/40 MP: 0/6
  2706 | D:3      | Reached skill level 2 in Armour
  2798 | D:3      | Found a shimmering altar of Xom.
  2808 | D:3      | Reached skill level 4 in Fighting
  2978 | D:3      | Reached skill level 2 in Spellcasting
  2978 | D:3      | Reached XP level 5. HP: 46/46 MP: 2/8
  3211 | D:3      | Noticed Jessica
  3217 | D:3      | Killed Jessica
  3330 | D:4      | Noticed Pikel
  3336 | D:4      | Noticed a lemure
  3338 | D:4      | Noticed a lemure
  3349 | D:3      | Killed Pikel
  3350 | D:3      | Reached skill level 5 in Fighting
  3350 | D:3      | Reached skill level 5 in Axes
  3350 | D:3      | Reached skill level 3 in Armour
  3350 | D:3      | Reached skill level 5 in Fire Magic
  3350 | D:3      | Reached XP level 6. HP: 8/56 MP: 1/10
  3350 | D:3      | Reached XP level 7. HP: 9/61 MP: 1/11
  3573 | D:4      | Reached skill level 3 in Spellcasting
  4014 | D:4      | Noticed Eustachio
  4277 | D:4      | Noticed Grinder
  4405 | D:5      | Entered Level 5 of the Dungeon
  4412 | D:5      | Noticed Edmund
  4427 | D:5      | Killed Edmund
  4428 | D:5      | Reached skill level 4 in Armour
  4428 | D:5      | Reached skill level 6 in Fire Magic
  4558 | D:5      | Reached skill level 6 in Axes
  4558 | D:5      | Reached XP level 8. HP: 69/69 MP: 4/13
  4758 | D:4      | Killed Grinder
  4947 | D:4      | Reached skill level 6 in Fighting
  5568 | D:5      | Noticed Sigmund
  5572 | D:5      | Killed Sigmund
  5573 | D:5      | Reached skill level 5 in Armour
  5573 | D:5      | Reached skill level 4 in Spellcasting
  5650 | D:5      | Reached skill level 7 in Fire Magic
  5772 | D:5      | Reached skill level 7 in Axes
  6020 | D:5      | Found a staircase to the Ecumenical Temple.
  6272 | D:6      | Reached XP level 9. HP: 71/78 MP: 6/15
  6377 | D:6      | Found a shimmering blue altar of Sif Muna.
  6936 | D:6      | Found a burning altar of Makhleb.
  7041 | D:6      | Found a glowing golden altar of the Shining One.
  7042 | D:6      | Found a sparkling altar of Nemelex Xobeh.
  7371 | D:6      | Reached skill level 7 in Fighting
  7371 | D:6      | Reached skill level 6 in Armour
  7506 | D:6      | Found a snail-covered altar of Cheibriados.
  8528 | D:7      | Reached skill level 8 in Fire Magic
  8551 | D:7      | Reached skill level 8 in Axes
  8556 | D:7      | Reached skill level 5 in Spellcasting
  9405 | D:7      | Reached XP level 10. HP: 88/88 MP: 9/18
  9482 | D:7      | Reached skill level 7 in Armour
  9697 | D:8      | Identified a +1 robe of resistance
  9697 | D:8      | Noticed Jeremiah
  9814 | D:8      | Identified the +0 robe "Useczek" {rC+ Str+3}
  9858 | D:8      | Found a runed translucent door.
  9858 | D:8      | Noticed jasper's ghost (novice MDBe)
  9870 | D:8      | Noticed an orange demon
  9870 | D:8      | Noticed Amaemon
 10046 | D:8      | Found a broken altar of Ashenzari.
 10075 | D:8      | Killed an orange demon
 10076 | D:8      | Reached skill level 8 in Fighting
 10261 | D:9      | Found Wiwn's Weapon Shop.
 10575 | D:7      | Killed Amaemon
 10576 | D:7      | Reached skill level 9 in Axes
 10576 | D:7      | Reached skill level 9 in Fire Magic
 11011 | D:8      | Noticed Psyche
 11279 | D:8      | Killed Psyche
 11280 | D:8      | Reached skill level 6 in Spellcasting
 12624 | D:8      | Found a bloodstained altar of Trog.
 12626 | D:8      | Found an opulent altar of Gozag.
 12627 | D:8      | Found a shadowy altar of Dithmenos.
 12627 | D:8      | Found an iron altar of Okawaru.
 12668 | D:8      | Found a hide-covered altar of Uskayaw.
 12851 | D:10     | Entered Level 10 of the Dungeon
 13258 | D:10     | Reached skill level 8 in Armour
 13394 | D:10     | Noticed a cyan ugly thing
 13551 | D:10     | Noticed a two-headed ogre
 13556 | D:10     | Killed a two-headed ogre
 13557 | D:10     | Reached skill level 9 in Fighting
 13557 | D:10     | Reached skill level 10 in Fire Magic
 13557 | D:10     | Reached XP level 11. HP: 71/97 MP: 11/20
 13643 | D:10     | Reached skill level 10 in Axes
 13902 | D:10     | Noticed a two-headed ogre
 13903 | D:10     | Noticed a two-headed ogre
 13912 | D:10     | Killed a two-headed ogre
 13916 | D:10     | Killed a two-headed ogre
 14363 | D:10     | Killed a cyan ugly thing
 14651 | D:11     | Slain by a gargoyle

Vanquished Creatures
  3 two-headed ogres (D:10)
  Amaemon (D:7)
  Pikel (D:3)
  An ugly thing (D:10)
  A cyclops (D:10)
  An orange demon (D:8)
  A komodo dragon (D:10)
  An unseen horror (D:10)
  Psyche (D:8)
  Grinder (D:4)
  Sigmund (D:5)
  A centaur simulacrum (D:10)
  A shadow (D:10)
  2 wyverns
  2 wraiths (D:10)
  7 yaks
  Edmund (D:5)
  A water moccasin (D:6)
  An ice beast (D:6)
  2 orc warriors (D:9)
  2 black bears
  A sky beast (D:7)
  An ogre (D:5)
  6 centaurs
  A phantom (D:6)
  3 kobold brigands
  A bullfrog (D:7)
  3 scorpions
  4 wights
  7 killer bees
  4 howler monkeys
  2 electric eels
  7 orc priests
  2 bombardier beetles
  4 hounds
  5 jellies
  4 iguanas
  A sleepcap (D:7)
  Jessica (D:3)
  8 orc wizards
  3 gnolls (D:4)
  10 adders
  2 shadow imps (D:6)
  6 ufetubi (D:6)
  4 ribbon worms (D:2)
  4 dart slugs
  27 orcs
  6 ball pythons
  4 bats
  10 endoplasms
  4 giant cockroaches
  4 goblins
  7 hobgoblins
  2 quokkas
  3 frilled lizards
  26 kobolds
  6 rats
226 creatures vanquished.

Table legend: (Time is in decaauts)
 A = Elapsed time spent in this place.
 B = Non-inter-level travel time spent in this place.
 C = Inter-level travel time spent in this place.
 D = Time resting spent in this place.
 E = Time spent auto-exploring this place.
 F = Levels seen in this place.
 G = Mean time per level.
                   A        B        C        D        E       F      G
               +--------+--------+--------+--------+--------+-----+--------+
         Total |  14706 |  13999 |    707 |   2085 |   9559 |  11 | 1336.9 |
       Dungeon |  14706 |  13999 |    707 |   2085 |   9559 |  11 | 1336.9 |
               +--------+--------+--------+--------+--------+-----+--------+

Top non-repeatable levels by time:
     D:7: 2115 daAuts
     D:6: 1810 daAuts
     D:9: 1674 daAuts
     D:3: 1400 daAuts
    D:10: 1386 daAuts
     D:8: 1375 daAuts
     D:5: 1313 daAuts
     D:1: 1282 daAuts
     D:2: 1171 daAuts
     D:4: 1106 daAuts
    D:11: 70 daAuts

Table legend:
 A = Non-vault XP
 B = Vault XP
 C = Vault XP percentage of total XP
 D = Non-vault monster count
 E = Vault monster count
 F = Vault count percentage of total count
                 A         B        C        D         E       F
            +---------+---------+-------+---------+---------+-------
      Total |    8851 |    6192 |  41.2 |     206 |      20 |   8.8
            +---------+---------+-------+---------+---------+-------
        D:1 |      43 |       0 |   0.0 |      24 |       0 |   0.0
        D:2 |      73 |       0 |   0.0 |      20 |       0 |   0.0
        D:3 |     211 |     666 |  75.9 |      20 |       2 |   9.1
        D:4 |     343 |     286 |  45.5 |      23 |       1 |   4.2
        D:5 |     510 |     390 |  43.3 |      14 |       2 |  12.5
        D:6 |    1706 |      14 |   0.8 |      35 |       1 |   2.8
        D:7 |    1522 |     965 |  38.8 |      23 |       3 |  11.5
        D:8 |     847 |     719 |  45.9 |      14 |       2 |  12.5
        D:9 |    1006 |      61 |   5.7 |      15 |       1 |   6.2
       D:10 |    2590 |    3091 |  54.4 |      18 |       8 |  30.8
            +---------+---------+-------+---------+---------+-------
